[Event "*** Titled Tuesday Blitz"]
[Site "Chess.com"]
[Date "2019.12.03"]
[Round "7"]
[White "Region_07"]
[Black "misha_melnichuk"]
[Result "1-0"]
[WhiteElo "2381"]
[BlackElo "2474"]
[TimeControl "180+2"]
[EndTime "14:39:13 PST"]
[Termination "Region_07 won by resignation"]

1. d4 Nf6 2. Bg5 Ne4 3. h4 c5 4. dxc5 Qa5+ 5. Nd2 Nxg5 6. hxg5 Nc6 7. g6 fxg6 8. Nf3 e6 9. e3 Bxc5 10. c3 d5 11. b4 Nxb4 12. cxb4 Bxb4 13. Bd3 O-O 14. O-O e5 15. Nb3 Qc7 16. Rc1 Qd6 17. Be2 Bg4 18.
Nfd2 Be6 19. e4 d4 20. Bc4 Bc3 21. Bxe6+ Qxe6 22. Rc2 Rf4 23. Qe2 Raf8 24. Nc1 b5 25.
Nd3 R4f7 26. Nc5 Qc6 27. Ndb3 a5 28. Nd3 a4 29. Nbc5 Qd6 30. a3 g5 31. Qg4 h6 32.
Rb1 Rb8 33. Qe6 Qxe6 34. Nxe6 Rfb7 35. Nb4 Rb6 36. Nc5 Rc8 37. Ncd3 Re6 38. Rbc1 Ree8 39. Na2 Rb8 40. Nxc3 dxc3 41. Rxc3 Kf7 42. Rc7+ Kf6 43.
R1c6+ Re6 44. Nb4 Rxc6 45. Rxc6+ Kf7 46. Rc5 Kf6 47. Nd5+ Ke6 48. Rxb5 Rc8 49. Rb4 Rc1+ 50. Kh2 Rc2 51. f3 h5 52. Rxa4 g4 53. fxg4 hxg4 54. Rb4 Kd6 55. Kg3 Kc5 56. a4 Rd2 57. Rb5+ Kc4 58. Ne3+ Kd3 59. Nxg4 Kxe4 60. Rxe5+ Kd4 61.
a5 Rd3+ 62. Kh4 Ra3 63. Rg5 Ra2 64. g3 Ra1 65. Kh5 Ke4 66. Kg6 Kf3 67. Ne5+ Ke4 68. Nf7 Rf1 69. Kxg7 Ra1 70. g4 Kf4 71. Kg6 Rc1 72.
Nh6 Rc6+ 73. Kh5 Rc1 74. Rf5+ Ke4 75. g5 Rh1+ 76. Kg6 Rb1 77. Kf7 Rc1 78. g6 Rc7+ 79. Ke6 Rc6+ 80. Kf7 Rc7+ 81. Kg8 Rc6 82. Kh7 Rc7+ 83.
Rf7 Rc5 84. g7 Rxa5 85. g8=Q Re5 86. Qg4+ 1-0

[Event "*** Titled Tuesday Blitz"]
[Site "Chess.com"]
[Date "2019.12.03"]
[Round "7"]
[White "Dhaydon19"]
[Black "bascheyaro"]
[Result "1-0"]
[WhiteElo "2648"]
[BlackElo "2748"]
[TimeControl "180+2"]
[EndTime "14:39:14 PST"]
[Termination "Dhaydon19 won by resignation"]

1. e4 e6 2. d4 d5 3. Nd2 c5 4.
Ngf3 Nc6 5. dxc5 Bxc5 6. Bd3 Nf6 7.
O-O h6 8. exd5 Nxd5 9. Ne4 Be7 10.
a3 O-O 11. Qe2 b6 12. Rd1 Qc7 13. c4 Nf4 14. Bxf4 Qxf4 15. Ng3 Bb7 16. Be4 Rad8 17. b4 Qc7 18. Nh5 Rxd1+ 19. Rxd1 Rd8 20. Rxd8+ Qxd8 21. h3 Qc7 22. Qb2 Bf8 23. Bb1 Qd8 24. Qc2 g6 25. Nf4 Nd4 26. Nxd4 Qxd4 27. Ne2 Qa1 28. Qa2 Qe5 29. Qd2 h5 30. f4 Qa1 31. Qa2 Qf6 32.
Qd2 e5 33. f5 gxf5 34. Ng3 f4 35. Qd3 Bh6 36. Qh7+ Kf8 37. Nf5 Bg5 38. Qxh5 e4 39.
Qg4 f3 40. gxf3 exf3 41. h4 Qb2 42. Bd3 Qc1+ 43. Bf1 Be3+ 44. Kh2 Bf4+ 45. Kg1 Be5 46. Qg5 Qxg5+ 47. hxg5 Be4 48. Bh3 Bf4 49. Kf2 Bxg5 50. Nd4 Bh4+ 51. Ke3 Bb7 52. Nxf3 Bf6 53. Nd2 Ke7 54.
Kd3 Bg5 55. Ne4 Bc1 56. a4 Ba3 57. b5 f6 58. Bf5 Bb4 59. Kd4 Kf7 60. Kd3 Kg7 61. Be6 Kg6 62. Bd5 Bc8 63. Kd4 f5 64. Nc3 Kf6 65. Ne2 Bc5+ 66. Kd3 Ke5 67. Bf3 f4 68. Nc3 Bf5+ 69. Be4 Bxe4+ 70. Nxe4 Bb4 71. Ng5 Kf5 72. Nf3 Bc5 73. Nd2 Kg4 74. Ke4 Bd6 75.
Nf3 Kg3 76. Nd4 Kf2 77. Nf5 Bc7 78. Nd4 Ke1 79. Ne6 Ke2 80. Nxc7 f3 81. Nd5 f2 82. Ne3 1-0

[Event "*** Titled Tuesday Blitz"]
[Site "Chess.com"]
[Date "2019.12.03"]
[Round "7"]
[White "IMTominho"]
[Black "francyIM"]
[Result "1-0"]
[WhiteElo "2719"]
[BlackElo "2603"]
[TimeControl "180+2"]
[EndTime "14:39:24 PST"]
[Termination "IMTominho won by resignation"]

1. d4 d5 2. c4 c6 3. Nf3 Nf6 4.
Nbd2 a6 5. g3 Bf5 6. Bg2 e6 7.
O-O h6 8. b3 Nbd7 9. Bb2 Bd6 10.
e3 Bh7 11. Qe2 Qe7 12. a3 O-O 13. Ne5 Ne4 14. Nxe4 dxe4 15. b4 Nxe5 16. dxe5 Bc7 17. Qc2 a5 18. c5 Rfd8 19. Bxe4 Bxe4 20. Qxe4 Rd5 21. Bd4 Qd7 22. Rfb1 a4 23. Rf1 Rf8 24. f4 f5 25. exf6 gxf6 26. Qg6+ Qg7 27. Qc2 Rfd8 28.
Qxa4 e5 29. fxe5 Bxe5 30. Bxe5 Rxe5 31. Qb3+ Qf7 32. Qc3 Rde8 33. Rf3 Kg7 34. Raf1 R5e6 35. a4 Rd8 36. b5 Rd5 37. Rf4 Qe7 38. Rg4+ Rg5 39. Rxg5+ hxg5 40. bxc6 bxc6 41. a5 Rxe3 42. Qd4 Re1 43. a6 Re4 44. Qc3 Ra4 45. Re1 Qd7 46.
Rf1 Qf7 47. Qd3 Qe7 48. Qd6 Qxd6 49. cxd6 Rxa6 50. Re1 Ra7 51. Kf2 Rd7 52. Rd1 Kf7 53. h4 Ke6 54. h5 f5 55. Kf3 c5 56. g4 f4 57. Ke4 c4 58. Kf3 c3 59. Rc1 Rxd6 60. Rxc3 Rd1 61. Rc5 Rd3+ 62. Kf2 Rd2+ 63. Kf3 Rd3+ 64. Kf2 Rd2+ 65. Ke1 Rg2 66. Rxg5 f3 67. Kf1 Kf6 68. Rg8 Kf7 69. Rg6 Rh2 70. Kg1 Rg2+ 71. Kf1 Rh2 72. Rg5 Rg2 73. h6 Rh2 74.
Rg7+ Kf6 75. g5+ Kf5 76. h7 Kg4 77. g6 Kg3 78. Ke1 Rh1+ 79. Kd2 Rh2+ 80. Kd3 f2 81.
Rf7 Rh3 82. Ke2 Rh2 83. Ke3 Rh3 84. Rxf2 Kg4+ 85. Ke2 Rh6 86. g7 Re6+ 1-0

[Event "*** Titled Tuesday Blitz"]
[Site "Chess.com"]
[Date "2019.12.03"]
[Round "7"]
[White "HarutyunianTigranK"]
[Black "VincentKeymer"]
[Result "1/2-1/2"]
[WhiteElo "2764"]
[BlackElo "2651"]
[TimeControl "180+2"]
[EndTime "14:39:53 PST"]
[Termination "Game drawn by repetition"]

1. Nf3 d5 2. g3 c6 3. Bg2 Bf5 4.
O-O e6 5. c4 Nf6 6. Qb3 Qb6 7. d3 Nbd7 8. Be3 Bc5 9. Bxc5 Nxc5 10.
Qa3 O-O 11. Nbd2 Bg6 12. Ne5 a5 13. Nxg6 hxg6 14. Rab1 Qb4 15. Qc3 Rab8 16. Rfc1 Rfc8 17. Nf3 Ncd7 18. Qc2 a4 19. a3 Qa5 20. cxd5 exd5 21. e4 dxe4 22. dxe4 Re8 23. Rd1 Nc5 24. e5 Nd5 25. Nd2 Qa7 26. Nc4 b5 27. Nd6 Rxe5 28.
Bxd5 cxd5 29. Rbc1 Nb3 30. Qc7 Qxc7 31. Rxc7 d4 32.
Nxf7 Rd5 33. h4 d3 34. Ng5 d2 35. Kf1 Re8 36. Kg2 Rxg5 37. hxg5 Re1 38. Rxd2 Nxd2 39. Rc5 Nc4 40. Rxb5 Ne5 41. Rb4 Nd3 42. Rxa4 Re2 43.
Kf3 Rxb2 44. Ke3 Nxf2 45. Ra8+ Kh7 46. a4 Nd1+ 47. Kd4 Ra2 48. a5 Ra4+ 49. Kc5 Nc3 50.
a6 Ne4+ 51. Kb5 Ra1 52. a7 Nd6+ 53. Kb6 Ra2 54. Rd8 Nc4+ 55. Kb7 Na5+ 56. Kc7 Rc2+ 57. Kb6 Nc4+ 58. Kb5 Ra2 59. a8=Q Rxa8 60. Rxa8 Nd6+ 61.
Kc6 Ne4 62. Kd5 Nxg5 63. Ke5 Nf7+ 64. Kf4 Nh6 65. g4 Nf7 66. Ra6 Nh6 67. Ra7 Kg8 68.
Kg5 Kh7 69. Rb7 Ng8 70. Rb1 Nh6 71. Rh1 Kg8 72. Re1 Kh7 73. Re7 Ng8 74. Ra7 Nh6 75. Kf4 Kg8 76. g5 Nf5 77. Ke5 Nh4 78. Ke6 Nf3 79.
Ra5 Nd4+ 80. Kd5 Nf3 81. Kd6 Nd4 82. Rd5 Nf5+ 83. Ke5 Kf7 84. Rd7+ Kg8 85. Ra7 Ng3 86. Ke6 Ne4 87. Ra8+ Kh7 88. Ra5 Kg8 89. Re5 Ng3 90.
Ra5 Ne4 91. Ke7 Ng3 92. Ra4 Nf5+ 93. Ke6 Ng3 94. Ke5 Nf5 95. Kf4 Ne7 96. Ra7 Nf5 97. Ke5 1/2-1/2

[Event "*** Titled Tuesday Blitz"]
[Site "Chess.com"]
[Date "2019.12.03"]
[Round "8"]
[White "Radzio1987"]
[Black "Gennady_Kozlov"]
[Result "1-0"]
[WhiteElo "2848"]
[BlackElo "2553"]
[TimeControl "180+2"]
[EndTime "14:46:12 PST"]
[Termination "Radzio1987 won by resignation"]

1. c4 e5 2. Nc3 Nc6 3. Nf3 Nf6 4.
a3 a5 5. d4 exd4 6. Nxd4 Nxd4 7.
Qxd4 g6 8. Bg5 Bg7 9. Nd5 Nxd5 10. Qxg7 Qxg5 11. Qxh8+ 1-0

[Event "*** Titled Tuesday Blitz"]
[Site "Chess.com"]
[Date "2019.12.03"]
[Round "8"]
[White "Vugar_Manafov"]
[Black "Elyon2000"]
[Result "1-0"]
[WhiteElo "2512"]
[BlackElo "2359"]
[TimeControl "180+2"]
[EndTime "14:48:04 PST"]
[Termination "Vugar_Manafov won by resignation"]

1. e4 c5 2. Nf3 Nc6 3. Nc3 Nf6 4. Bc4 e6 5. O-O d5 6. exd5 exd5 7. Bb5 Be7 8. d4 cxd4 9. Nxd4 Bd7 10. Re1 O-O 11. Bg5 h6 12. Bh4 a6 13. Bf1 Bc5 14. Nb3 Be7 15. Bxf6 Bxf6 16. Qxd5 Nb4 17. Qd2 Bf5 18. Qf4 Bxc2 19. Qxb4 1-0

[Event "*** Titled Tuesday Blitz"]
[Site "Chess.com"]
[Date "2019.12.03"]
[Round "8"]
[White "Saitama_Hero"]
[Black "Sjakkerntobi"]
[Result "1-0"]
[WhiteElo "2319"]
[BlackElo "2145"]
[TimeControl "180+2"]
[EndTime "14:48:20 PST"]
[Termination "Saitama_Hero won by resignation"]

1. d4 Nf6 2. Bg5 d5 3. Bxf6 exf6 4. e3 c6 5. Bd3 Bd6 6. Nd2 O-O 7. Qh5 g6 8. Qf3 Qe7 9. Ne2 Nd7 10. h4 h5 11. g4 hxg4 12. Qxg4 Ne5 13. Qg2 Nxd3+ 14. cxd3 Bf5 15. e4 dxe4 16. dxe4 Bd7 17. h5 g5 18.
f4 Rfe8 19. O-O-O c5 20. e5 Bc7 21. Ne4 cxd4 22. Nxf6+ Kh8 23. Qxg5 Qc5+ 24. Kb1 1-0

[Event "*** Titled Tuesday Blitz"]
[Site "Chess.com"]
[Date "2019.12.03"]
[Round "8"]
[White "Parhamov"]
[Black "artooon"]
[Result "1-0"]
[WhiteElo "3097"]
[BlackElo "2818"]
[TimeControl "180+2"]
[EndTime "14:48:44 PST"]
[Termination "Parhamov won by checkmate"]

1. Nf3 Nf6 2. c4 e6 3. g3 d5 4. Bg2 Be7 5. O-O O-O 6. b3 d4 7.
e3 c5 8. exd4 cxd4 9. Re1 Nc6 10.
d3 Ne8 11. Ba3 f6 12. Nh4 Nd6 13. b4 a5 14. b5 Nb4 15. Bb2 e5 16. a3 Nxd3 17.
Qxd3 e4 18. Qxd4 Qc7 19. c5 Nf7 20. Qxe4 Bxc5 21. Nc3 Kh8 22. Nd5 Qd6 23. Nf5 Bxf5 24. Qxf5 Rae8 25. Rxe8 Rxe8 26. Nxf6 Re2 27. Qxh7# 1-0

[Event "*** Titled Tuesday Blitz"]
[Site "Chess.com"]
[Date "2019.12.03"]
[Round "8"]
[White "josiur"]
[Black "Laico"]
[Result "1-0"]
[WhiteElo "2423"]
[BlackElo "2327"]
[TimeControl "180+2"]
[EndTime "14:48:51 PST"]
[Termination "josiur won by resignation"]

1. e4 e6 2. d4 d5 3. Nc3 Nf6 4. Bg5 Be7 5. e5 Nfd7 6. h4 O-O 7. Qg4 Kh8 8. Bd3 c5 9. Nf3 cxd4 10. Bxh7 Re8 11.
Qh5 Nf8 12. Bg6+ 1-0

[Event "*** Titled Tuesday Blitz"]
[Site "Chess.com"]
[Date "2019.12.03"]
[Round "8"]
[White "chiwii"]
[Black "norwaytoadog"]
[Result "0-1"]
[WhiteElo "2016"]
[BlackElo "2297"]
[TimeControl "180+2"]
[EndTime "14:48:59 PST"]
[Termination "norwaytoadog won by resignation"]

1. e4 e5 2. Nf3 Nc6 3. d4 exd4 4. Bc4 Nf6 5. O-O Nxe4 6. Re1 d5 7. Bxd5 Qxd5 8. Nc3 Qd7 9. Nxe4 Be7 10. Nc5 Qd5 11. Nd3 Bg4 12. Nf4 Bxf3 13. Nxd5 Bxd1 14. Nxc7+ Kd7 15.
Nxa8 Bxc2 16. Nb6+ axb6 17. Bf4 Bb4 18. Rec1 d3 19. a3 Bc5 20. Be3 Nd4 21. Re1 Nb3 0-1

[Event "*** Titled Tuesday Blitz"]
[Site "Chess.com"]
[Date "2019.12.03"]
[Round "8"]
[White "Fiona"]
[Black "Atanejhad"]
[Result "0-1"]
[WhiteElo "1964"]
[BlackElo "2302"]
[TimeControl "180+2"]
[EndTime "14:49:39 PST"]
[Termination "Atanejhad won by resignation"]

1. e4 e5 2. Bc4 Nf6 3. d3 c6 4. Nf3 d5 5. Bb3 Bd6 6. O-O Bg4 7. h3 Bh5 8. Bg5 h6 9. Bxf6 Qxf6 10. exd5 Bxf3 11.
Qxf3 Qxf3 12. gxf3 O-O 13. Nd2 Rd8 14. dxc6 Nxc6 15.
Ne4 Kf8 16. c3 Bc7 17. Rad1 Ne7 18. Kg2 Ng6 19. Bc2 b6 20. Rfe1 f5 21. Ng3 Nh4+ 22. Kh1 Nxf3 23. Re3 Nh4 24. Nf1 Kf7 25. Rde1 Kf6 26.
Nh2 g5 27. d4 e4 28. f3 Bxh2 29. fxe4 f4 30. e5+ Ke7 31. R3e2 Bg3 32. Rd1 f3 33.
Re4 f2 34. d5 Rxd5 0-1

[Event "*** Titled Tuesday Blitz"]
[Site "Chess.com"]
[Date "2019.12.03"]
[Round "8"]
[White "GoldenShare"]
[Black "Spring199"]
[Result "1-0"]
[WhiteElo "2472"]
[BlackElo "2314"]
[TimeControl "180+2"]
[EndTime "14:49:46 PST"]
[Termination "GoldenShare won by resignation"]

1. e4 e5 2. Nf3 Nc6 3. Bc4 Bc5 4. O-O Nf6 5. d4 Bxd4 6. Nxd4 Nxd4 7. f4 d6 8. fxe5 dxe5 9. Bg5 Qe7 10. Kh1 Bd7 11. c3 Ne6 12. Bxf6 gxf6 13. Qf3 Nf4 14. g3 Qc5 15. Na3 Ne6 16. Qxf6 Rf8 17. Rad1 Rd8 18. Bxe6 fxe6 19. Qg5 Qe7 20. Qh5+ Rf7 21. Nc4 Bc6 22. Qxf7+ Qxf7 23. Rxd8+ Kxd8 24. Rxf7 Bxe4+ 25. Kg1 1-0

[Event "*** Titled Tuesday Blitz"]
[Site "Chess.com"]
[Date "2019.12.03"]
[Round "8"]
[White "FelixJoseYnojosa"]
[Black "WeAintSurePal"]
[Result "1-0"]
[WhiteElo "2613"]
[BlackElo "2391"]
[TimeControl "180+2"]
[EndTime "14:50:10 PST"]
[Termination "FelixJoseYnojosa won by resignation"]

1. e4 e5 2. Nf3 Nc6 3. Bc4 Bc5 4. O-O d6 5. d3 Nf6 6. Nc3 h6 7. Be3 O-O 8. Nd5 a6 9. c3 Ba7 10. a4 Be6 11. b4 Nd7 12. a5 Ne7 13. Qb3 c6 14. Nxe7+ Qxe7 15. d4 Bg4 16. Nd2 Rae8 17.
h3 Bh5 18. f4 exd4 19. cxd4 d5 20. Bd3 dxe4 21. Nxe4 Bg6 22. f5 Bh7 23. f6 gxf6 24.
Bxh6 Bxe4 25. Rae1 Bxd4+ 26. Kh1 f5 27. Bxe4 fxe4 28.
Rf4 Kh7 29. Bxf8 Qxf8 30. Rxf7+ Bg7 31. Rxf8 Nxf8 32. Rxe4 Rxe4 33. Qc2 1-0

[Event "*** Titled Tuesday Blitz"]
[Site "Chess.com"]
[Date "2019.12.03"]
[Round "8"]
[White "DangerousPlayer1st"]
[Black "DanielNaroditsky"]
[Result "1-0"]
[WhiteElo "2822"]
[BlackElo "2989"]
[TimeControl "180+2"]
[EndTime "14:50:23 PST"]
[Termination "DangerousPlayer1st won by resignation"]

1. e4 g6 2. d4 Bg7 3. Nc3 d6 4. Nf3 Nf6 5. h3 Nc6 6. Be2 O-O 7. Be3 e5 8. d5 Ne7 9. g4 c6 10. dxc6 bxc6 11. Qd2 Rb8 12. O-O-O d5 13. Bc5 Re8 14. Nxe5 Nxe4 15. Nxe4 Bxe5 16. Nc3 Qa5 17. Bd4 Bxd4 18. Qxd4 Qb6 19. b3 c5 20. Qf4 Bb7 21. Rhe1 d4 22. Bc4 Nf5 23. gxf5 Rxe1 24. Qxb8+ Kg7 1-0

[Event "*** Titled Tuesday Blitz"]
[Site "Chess.com"]
[Date "2019.12.03"]
[Round "8"]
[White "nau64"]
[Black "PavelChernomordik"]
[Result "0-1"]
[WhiteElo "2262"]
[BlackElo "2455"]
[TimeControl "180+2"]
[EndTime "14:50:30 PST"]
[Termination "PavelChernomordik won by resignation"]

1. d4 g6 2. c4 Bg7 3. Nf3 d6 4. Nc3 Nc6 5. Bg5 h6 6. Be3 Nf6 7. d5 Na5 8. Bd4 c5 9. dxc6 Nxc6 10. Be3 Be6 11. b3 Ng4 12. Bd2 O-O 13. h3 Nge5 14. e3 Nxf3+ 15. Qxf3 Nb4 16. Rc1 Nc6 17. g3 Ne5 18.
Qe2 d5 19. cxd5 Bxd5 20. Nxd5 Qxd5 21. e4 Qe6 22. Bg2 Rad8 23. O-O Nd3 24. Rc7 Qa6 25. Bc3 e5 26. Rd1 Nxf2 27. Rxd8 Qxe2 0-1

[Event "*** Titled Tuesday Blitz"]
[Site "Chess.com"]
[Date "2019.12.03"]
[Round "8"]
[White "Chessmatus"]
[Black "WorldChampionBulletChess"]
[Result "1-0"]
[WhiteElo "2375"]
[BlackElo "2113"]
[TimeControl "180+2"]
[EndTime "14:50:39 PST"]
[Termination "Chessmatus won by resignation"]

1. e4 c5 2. Nf3 e6 3. b3 d5 4.
exd5 exd5 5. d4 Nf6 6. Bb2 Nc6 7. Bb5 Be7 8. dxc5 Bxc5 9. O-O O-O 10. Nd4 Bd7 11. Nxc6 bxc6 12. Bd3 Qc7 13. Bxf6 gxf6 14.
Qh5 f5 15. Qg5+ Kh8 16. Qf6+ Kg8 17. Bxf5 Bxf5 18. Qxf5 Bd4 19. Qg4+ Bg7 20. Nd2 Qe5 21.
Rae1 Qf6 22. Nf3 Rae8 23. Ng5 h6 24. Nh3 Re5 25. Rxe5 Qxe5 26. Nf4 Kh7 27. Nh5 Rg8 28. Qf3 Qg5 29. Qxf7 Rf8 30. Qxg7+ Qxg7 31. Nxg7 Kxg7 32. Re1 Kf6 33. g3 c5 34. f4 Rf7 35. Kg2 c4 36.
Kf3 c3 37. Re3 Rc7 38. Rd3 h5 39. Rxd5 1-0

[Event "*** Titled Tuesday Blitz"]
[Site "Chess.com"]
[Date "2019.12.03"]
[Round "8"]
[White "gusanchutik"]
[Black "Elshan1985"]
[Result "1-0"]
[WhiteElo "2967"]
[BlackElo "2744"]
[TimeControl "180+2"]
[EndTime "14:50:47 PST"]
[Termination "gusanchutik won by resignation"]

1. d4 g6 2. e4 Bg7 3. c4 d6 4. Nc3 e5 5. Nf3 Bg4 6. d5 a5 7.
Be2 Na6 8. Be3 Bxf3 9. Bxf3 Bh6 10. Qd2 Bxe3 11. Qxe3 Nc5 12. h4 h5 13. b3 Nf6 14.
Rb1 Nfd7 15. Bd1 Nb6 16. g3 Qf6 17. O-O Rg8 18. Kg2 g5 19. hxg5 Rxg5 20. Rh1 Qg6 21. Bf3 Nbd7 22. Rh4 Nf6 23. Rbh1 Kd7 24. Bd1 Rg8 25. a3 Ng4 26. Bxg4+ Rxg4 27. b4 Rxh4 28. Rxh4 Nb3 29. Nb5 a4 30. Qa7 Nd2 31. Qxb7 Rc8 32.
Na7 Rd8 33. Qc6+ Ke7 34. Qxc7+ Ke8 35. Nc6 1-0

[Event "*** Titled Tuesday Blitz"]
[Site "Chess.com"]
[Date "2019.12.03"]
[Round "8"]
[White "filali-marouan"]
[Black "1g41-0"]
[Result "0-1"]
[WhiteElo "2282"]
[BlackElo "2378"]
[TimeControl "180+2"]
[EndTime "14:51:04 PST"]
[Termination "1g41-0 won by resignation"]

1. e4 e5 2. Nf3 Nc6 3. Bc4 Bc5 4. b4 Bxb4 5. c3 Ba5 6. d4 exd4 7. Ng5 Nh6 8. Qb3 O-O 9. Ba3 d6 10.
h4 Ne5 11. Bf1 c5 12. Nd2 Bxc3 13. O-O-O Qf6 14. f3 Kh8 15. Nc4 b5 16. Nxe5 dxe5 17. Kb1 c4 18. Qxb5 Ba6 19. Qd5 Qb6+ 20. Kc2 Rab8 21.
Bxc4 Bxc4 22. Qxc4 Rfc8 23. Rb1 Rxc4 0-1

[Event "*** Titled Tuesday Blitz"]
[Site "Chess.com"]
[Date "2019.12.03"]
[Round "8"]
[White "bluejay1897"]
[Black "Caisachess"]
[Result "1-0"]
[WhiteElo "2374"]
[BlackElo "2245"]
[TimeControl "180+2"]
[EndTime "14:51:05 PST"]
[Termination "bluejay1897 won by resignation"]

1. Nf3 Nf6 2. g3 e6 3. Bg2 d5 4. O-O c5 5. d4 cxd4 6. Nxd4 Nc6 7. c4 Bc5 8. Nb3 Bb6 9. cxd5 exd5 10. Bg5 Be6 11. Nc3 d4 12. Ne4 h6 13. Bxf6 gxf6 14. Rc1 f5 15. Nec5 Qe7 16. Nxe6 fxe6 17. Bxc6+ bxc6 18.
Rxc6 Rd8 19. Qd3 h5 20. a4 h4 21. a5 hxg3 22. fxg3 Qd7 23. Qc4 Bxa5 24. Nxa5 1-0

[Event "*** Titled Tuesday Blitz"]
[Site "Chess.com"]
[Date "2019.12.03"]
[Round "8"]
[White "Korchmar_Vasiliy"]
[Black "Eltaj_Safarli"]
[Result "0-1"]
[WhiteElo "2756"]
[BlackElo "2982"]
[TimeControl "180+2"]
[EndTime "14:51:11 PST"]
[Termination "Eltaj_Safarli won on time"]

1. d4 Nf6 2. c4 g6 3. Nc3 d5 4. Nf3 Bg7 5. Bf4 O-O 6. e3 c5 7. dxc5 Ne4 8. Rc1 Qa5 9. Be5 Bxe5 10. Nxe5 Nc6 11. Nxc6 bxc6 12. cxd5 Nxc3 13. Qd2 Rb8 14. bxc3 Qxc5 15. dxc6 Be6 16. Be2 Rfd8 17. Qc2 Qxc6 18.
O-O Bd5 19. Rfd1 Bxg2 20. Rxd8+ Rxd8 21. Rd1 Rc8 22. Bf1 Bf3 23. Rd4 Qc5 24. h4 Bb7 25.
Qd2 Qc6 26. e4 Qxc3 27. Qxc3 Rxc3 28. Rd7 Bxe4 29. Rxe7 Bd5 30. Rxa7 Rc1 31. Ra4 Bf3 32. Rc4 Ra1 33. Rc2 Kg7 34. Rb2 Kh6 35. Rc2 Kh5 36. Rc3 Be2 0-1

[Event "*** Titled Tuesday Blitz"]
[Site "Chess.com"]
[Date "2019.12.03"]
[Round "8"]
[White "coalescenet"]
[Black "Bagirova"]
[Result "0-1"]
[WhiteElo "2305"]
[BlackElo "2121"]
[TimeControl "180+2"]
[EndTime "14:51:22 PST"]
[Termination "Bagirova won by resignation"]

1. d4 Nf6 2. c4 e6 3. Nf3 c5 4. d5 exd5 5. cxd5 d6 6. Nc3 g6 7. Bf4 a6 8. a4 Bg7 9. e3 O-O 10. h3 Nbd7 11. Bxd6 Re8 12. Be2 Ne4 13. Nxe4 Rxe4 14. Qc2 Rb4 15. O-O-O Rxb2 16. Qe4 Qf6 17. Qe8+ Bf8 18. Be5 Nxe5 19. Kxb2 Nxf3+ 20. Ka2 Ne5 21. f4 Nc6 22. Bc4 Nb4+ 23. Kb3 Bf5 24. Qe5 Bc2+ 25.
Ka3 Qb6 26. Rd2 Nd3 27. Rxd3 Qb4+ 28. Ka2 Qxc4+ 0-1

[Event "*** Titled Tuesday Blitz"]
[Site "Chess.com"]
[Date "2019.12.03"]
[Round "8"]
[White "Sajkochess"]
[Black "SanchezKelvin"]
[Result "1-0"]
[WhiteElo "2277"]
[BlackElo "2422"]
[TimeControl "180+2"]
[EndTime "14:51:27 PST"]
[Termination "Sajkochess won by resignation"]

1. e4 c5 2. Nf3 d6 3. d4 cxd4 4. Nxd4 Nf6 5. Nc3 g6 6. Be2 Bg7 7. Be3 O-O 8. g4 Nc6 9. g5 Nd7 10. h4 Nde5 11. f4 Nxd4 12. Bxd4 Nc6 13. Bxg7 Kxg7 14.
Qd2 Qa5 15. Bc4 Be6 16. Bxe6 fxe6 17. h5 Qc5 18. O-O-O e5 19. Nd5 e6 20. Nf6 exf4 21. hxg6 Qxg5 22. Nxh7 Qe5 23. Nxf8 Rxf8 24. Rh7+ Kxg6 25.
Qg2+ 1-0

[Event "*** Titled Tuesday Blitz"]
[Site "Chess.com"]
[Date "2019.12.03"]
[Round "8"]
[White "VincentKeymer"]
[Black "AryanTari"]
[Result "0-1"]
[WhiteElo "2645"]
[BlackElo "2844"]
[TimeControl "180+2"]
[EndTime "14:51:29 PST"]
[Termination "AryanTari won on time"]

1. Nf3 Nf6 2. g3 c5 3. Bg2 Nc6 4. O-O e5 5. c4 d5 6. cxd5 Nxd5 7.
Nc3 Be6 8. d3 Be7 9. Bd2 Nc7 10.
Rc1 O-O 11. Ne4 b6 12. b4 f5 13. Neg5 Bxa2 14. bxc5 b5 15. Qc2 Bd5 16. e4 fxe4 17. Nxe4 Ne6 18. Be3 Rxf3 19. Bxf3 Ncd4 20. Qd1 Bb3 21.
Qxb3 Nxb3 22. c6 Nxc1 23. Rxc1 Rc8 24. Bg4 Qd5 25. c7 Kh8 26. h4 Rxc7 0-1

[Event "*** Titled Tuesday Blitz"]
[Site "Chess.com"]
[Date "2019.12.03"]
[Round "8"]
[White "goldenspine"]
[Black "Kumi29"]
[Result "0-1"]
[WhiteElo "2331"]
[BlackElo "2509"]
[TimeControl "180+2"]
[EndTime "14:51:30 PST"]
[Termination "Kumi29 won by resignation"]

1. e4 e5 2. Nf3 Nc6 3. Bb5 a6 4. Ba4 f5 5. Bxc6 dxc6 6. Nxe5 Qd4 7. Nf3 Qxe4+ 8. Qe2 Qxe2+ 9. Kxe2 Bd7 10. Ne5 Be6 11.
d4 O-O-O 12. Be3 Nf6 13. Nd2 Nd7 14. Nxd7 Rxd7 15. Nf3 Bc4+ 16. Ke1 Bd6 17. b3 Bb4+ 18. Kd1 Bc3 19. Rb1 Bd5 20. Ne5 Rdd8 21. Ke2 Rhe8 22. Rhd1 Bxg2 23. f3 Bh3 24. Rd3 Bb4 25. c3 Bd6 26.
Nf7 f4 27. Nxd8 Kxd8 28. Rg1 Bf5 29. Rd2 Rxe3+ 30. Kf2 g6 31. c4 Be7 32. Re1 Bh4+ 0-1

[Event "*** Titled Tuesday Blitz"]
[Site "Chess.com"]
[Date "2019.12.03"]
[Round "8"]
[White "Indianlad"]
[Black "wild_cat99"]
[Result "1-0"]
[WhiteElo "2875"]
[BlackElo "2424"]
[TimeControl "180+2"]
[EndTime "14:51:31 PST"]
[Termination "Indianlad won by resignation"]

1. d4 Nf6 2. c4 g6 3. Nc3 d5 4. Nf3 Bg7 5. cxd5 Nxd5 6. e4 Nxc3 7.
bxc3 c5 8. Be3 Nc6 9. Rc1 cxd4 10. cxd4 Qa5+ 11. Bd2 Qxa2 12. d5 Ne5 13. Nxe5 Bxe5 14.
Bb5+ Kf8 15. O-O Kg7 16. Bb4 h5 17. Bxe7 Bg4 18. f3 Qa5 19. fxg4 Qxb5 20. Qf3 Qe8 21. Bf6+ Bxf6 22. Qxf6+ Kg8 23. Rc7 Rh7 24. gxh5 Qxe4 25.
Rxf7 Qe3+ 26. Kh1 Qh6 27. Rxh7 Kxh7 28. Qe7+ Kh8 29. d6 gxh5 30. d7 Qa6 31. d8=Q+ Rxd8 32. Qxd8+ Kg7 33. Qf8+ Kg6 34. Qf5+ Kg7 35. Rd1 Qe2 36.
Rd7+ Kg8 37. Qf7+ Kh8 38. Rd8+ Qe8 39. Qxe8+ 1-0

[Event "*** Titled Tuesday Blitz"]
[Site "Chess.com"]
[Date "2019.12.03"]
[Round "8"]
[White "SirMittensofMittensville"]
[Black "vova-79"]
[Result "1-0"]
[WhiteElo "2639"]
[BlackElo "2488"]
[TimeControl "180+2"]
[EndTime "14:51:42 PST"]
[Termination "SirMittensofMittensville won by resignation"]

1. e4 e6 2. d3 d5 3. Qe2 dxe4 4. dxe4 e5 5. Nf3 Nd7 6. c3 Ngf6 7. Qc2 Be7 8. Bc4 O-O 9. O-O c6 10. a4 Qc7 11. Bg5 Nc5 12. Nbd2 Ne6 13. Be3 Nf4 14. Bxf4 exf4 15. e5 Nd5 16. Qe4 g5 17. Bd3 f5 18.
exf6 Nxf6 19. Qc4+ Nd5 20. Rfe1 Kg7 21. Qe4 Bf5 22. Qe2 Bxd3 23. Qxd3 Bf6 24. Ne4 h6 25.
Nc5 Kh8 26. Ne6 Qh7 27. Qxh7+ Kxh7 28. Nxf8+ Rxf8 29. Re4 a5 30. Rae1 Nc7 31. Re7+ Bxe7 32. Rxe7+ Kg6 33. Rxc7 Rd8 34. Kf1 1-0

[Event "*** Titled Tuesday Blitz"]
[Site "Chess.com"]
[Date "2019.12.03"]
[Round "8"]
[White "DenishevM"]
[Black "boasovietica"]
[Result "0-1"]
[WhiteElo "2598"]
[BlackElo "2417"]
[TimeControl "180+2"]
[EndTime "14:51:42 PST"]
[Termination "boasovietica won by resignation"]

1. c4 c5 2. Nf3 Nc6 3. g3 e5 4.
Nc3 g6 5. Bg2 Bg7 6. O-O d6 7.
d3 Nge7 8. Rb1 O-O 9. a3 a5 10. Nd2 Rb8 11. Nd5 b5 12. cxb5 Rxb5 13. Nc4 Nxd5 14.
Bxd5 Ne7 15. Bg2 d5 16. Ne3 Be6 17. Bd2 Qb6 18. Qc2 Rb8 19. Rfd1 Nc6 20. Nxd5 Bxd5 21. Bxd5 Nd4 22. Qc4 Rxb2 23. Rxb2 Qxb2 24. Bxf7+ Kh8 25. Bxa5 Qxe2 26. Rf1 Qf3 27. Re1 Rb2 0-1